 Dungeon Crawl Stone Soup version 0.20-a0-263-g81abdfb (webtiles) character file.

112 KristoblXynda the Conjurer (level 4, -1/33 HPs)
             Began as a Draconian Conjurer on Dec 4, 2016.
             Slain by an orc
             ... wielding a +0 mace
              (7 damage)
             ... on level 3 of the Dungeon.
             The game lasted 00:07:14 (2280 turns).

KristoblXynda the Conjurer (Draconian Conjurer)     Turns: 2280, Time: 00:07:15

Health: -1/33      AC:  7    Str: 11    XL:     4   Next: 63%
Magic:  4/8        EV: 12    Int: 19    God:
Gold:   36         SH:  0    Dex: 11    Spells: 1/9 levels left

rFire  . . .     SeeInvis .       - Unarmed
rCold  + . .     Gourm    .     (armour unavailable)
rNeg   . . .     Faith    .     (no shield)
rPois  .         Spirit   .     (helmet restricted)
rElec  .         Reflect  .     (no cloak)
rCorr  .         Harm     .     g - +1 pair of gloves
MR     .....                    (no boots)
Stlth  ++........               (no amulet)
                                (no ring)
                                o - +3 ring of intelligence

@: no status effects
A: unfitting armour, stinger 1, cold resistance 1, cold-blooded, AC +5
a: no special abilities


You were on level 3 of the Dungeon.
You were not hungry.

You visited 1 branch of the dungeon, and saw 3 of its levels.

You collected 36 gold pieces.

Inventory:

Hand Weapons
 e - a +1 dagger of flaming
Armour
 g - a +1 pair of gloves (worn)
Jewellery
 o - a +3 ring of intelligence (left hand)
Scrolls
 c - a scroll of magic mapping {unknown}
 h - 2 scrolls of enchant armour {unknown}
 i - a scroll of recharging {unknown}
 j - a scroll of fog {unknown}
 l - a scroll of fear {unknown}
 r - a scroll of teleportation {unknown}
 s - 2 scrolls of amnesia {unknown}
Potions
 d - a potion of cure mutation
 m - a potion of invisibility {unknown}
Books
 a - a book of Conjurations

   Spells                             Type                      Level
   a - Magic Dart                     Conjuration                  1
   b - Searing Ray                    Conjuration                  2
   c - Dazzling Spray                 Conjuration/Hexes            3
   d - Fulminant Prism                Conjuration/Hexes            4
   e - Iskenderun's Mystic Blast      Conjuration                  4
   f - Iskenderun's Battlesphere      Conjuration/Charms           5
Comestibles
 b - 2 bread rations
 f - 4 meat rations
 n - 2 fruits


   Skills:
 - Level 1.1 Short Blades
 - Level 1.7 Dodging
 - Level 1.7 Stealth
 + Level 2.0 Unarmed Combat
 + Level 3.2 Spellcasting
 + Level 4.6 Conjurations


You had one spell level left.
You knew the following spells:

 Your Spells              Type           Power        Failure   Level  Hunger
a - Magic Dart            Conj           ###.         2%          1    None
b - Dazzling Spray        Conj/Hex       ##....       17%         3    ###....
c - Iskenderun's Mystic   Conj           ###.....     28%         4    ####...


Dungeon Overview and Level Annotations

Branches:
Dungeon (3/15)

Altars:
Trog


Innate Abilities, Weirdness & Mutations

Your plain brown scales are hard. (AC +5)
You cannot fit into any form of body armour.
You are cold-blooded and may be slowed by cold attacks.
Your tail ends in a poisonous barb.
Your flesh is cold resistant. (rC+)


Message History

Press: ? - help, Shift-Dir - straight line, f/p - orc
Aim: an orc, wielding a mace and wearing a ring mail (lightly wounded)
The magic dart hits the orc.
The orc is lightly wounded.
The orc closely misses you.
Casting: Magic Dart
Confirm with . or Enter, or press ? or * to list all spells.
Aiming: Magic Dart
Press: ? - help, Shift-Dir - straight line, f/p - orc
Aim: an orc, wielding a mace and wearing a ring mail (lightly wounded)
The magic dart hits the orc.
The orc is heavily wounded.
The orc hits you with a mace!
* * * LOW HITPOINT WARNING * * *
Casting: Magic Dart
Confirm with . or Enter, or press ? or * to list all spells.
You don't know that spell.
Unknown command.
You feel better. The orc hits you with a mace!
You die...

### #..
#.# #$#
#.# #o#
########@#
#........#
#.########
#.# #.#
#.# #.#
#.# #.#
#.# #.#
#.# #.#
#.#


You could see an orc.

Vanquished Creatures
  Jessica (D:2)
  An ooze (D:1)
  2 worms (D:3)
  3 dart slugs
  3 leopard geckos
  2 orcs (D:3)
  A ball python (D:1)
  7 bats
  2 giant cockroaches (D:1)
  6 goblins
  8 hobgoblins
  5 jackals
  8 kobolds
  9 frilled lizards
  8 rats
66 creatures vanquished.

Notes
Turn   | Place    | Note
-------+----------+-------------------------------------------
     0 | D:1      | KristoblXynda the Draconian Conjurer began the quest for the Orb.
     0 | D:1      | Reached XP level 1. HP: 14/14 MP: 3/3
   115 | D:1      | Reached skill level 1 in Unarmed Combat
   348 | D:1      | Reached XP level 2. HP: 17/20 MP: 5/5
   729 | D:1      | Reached XP level 3. HP: 26/26 MP: 6/6
   764 | D:1      | Reached skill level 1 in Short Blades
  1452 | D:2      | Noticed Jessica
  1455 | D:2      | Killed Jessica
  1455 | D:2      | Reached XP level 4. HP: 33/33 MP: 4/8
  1924 | D:3      | Gained mutation: Your flesh is cold resistant. (rC+) [potion of mutation]
  1924 | D:3      | Gained mutation: Your tail ends in a poisonous barb. [potion of mutation]
  1992 | D:3      | Noticed a moth of wrath
  1994 | D:3      | Found a bloodstained altar of Trog.
  2183 | D:3      | Learned a level 3 spell: Dazzling Spray
  2188 | D:3      | Learned a level 4 spell: Iskenderun's Mystic Blast
  2279 | D:3      | HP: 1/33 [orc/mace (8)]
  2280 | D:3      | Slain by an orc

Vault maps used:
D:1:      dpeg_arrival_castle
D:2:      first_bread, grunt_ministairs_11, uniq_jessica
D:3:      tgw_trog, led_sif_pool

Skill      XL: |  1  2  3  4 |
---------------+-------------+-----
Unarmed Combat | 1 2 |  2.0
Short Blades   | 1 |  1.1
Spellcasting   | 3 |  3.2
Dodging        | |  1.7
Stealth        | |  1.7
Conjurations   | |  4.6

Action                   |  1- 3 |  4- 6 || total
-------------------------+-------+-------++-------
Melee: Unarmed           |    57 |   111 ||   168
       Dagger            |    64 |       ||    64
       Tailslap          |    13 |     9 ||    22
       Punch             |       |     1 ||     1
 Cast: Magic Dart        |    16 |    23 ||    39
  Use: Scroll            |       |     4 ||     4
       Potion            |       |     2 ||     2
 Stab: Sleeping          |     3 |     2 ||     5
  Eat: Chunk             |     2 |     1 ||     3
       Fruit             |       |     2 ||     2
Armor: Skin              |    33 |    30 ||    63
Dodge: Dodged            |    71 |    63 ||   134
